 Dungeon Crawl Stone Soup version 0.28-a0-1638-g9123634e07 (webtiles) character file.

Game seed: 4717579792233419495

2843 Anon1729 the Insei (level 9, -8/62 HPs)
             Began as an Octopode Monk on Jan 25, 2022.
             Was a Believer of Fedhas.
             Shot with a sling bullet by Joseph (14 damage)
             ... on level 7 of the Dungeon.
             The game lasted 00:18:20 (10092 turns).

Anon1729 the Insei (Octopode Monk)                 Turns: 10092, Time: 00:18:21

Health: -8/62      AC:  1    Str: 10    XL:     9   Next: 74%
Magic:  15/15      EV: 21    Int: 16    God:    Fedhas [**....]
Gold:   74         SH:  0    Dex: 21    Spells: 11/16 levels left

rFire   . . .      SeeInvis .   e - +0 dagger (venom)
rCold   . . .      Faith    .   (no shield)
rNeg    . . .      Spirit   .   (helmet restricted)
rPois   .          Reflect  .   (no amulet)
rElec   .          Harm     .   c - +4 ring of evasion
rCorr   .          Rampage  .   l - ring of wizardry
Will    .....                   p - ring of wizardry
Stlth   +++++.....              i - +6 ring of dexterity
HPRegen 0.20/turn               (no ring)
MPRegen 0.14/turn               (no ring)
                                (no ring)
                                (no ring)

@: marked
A: almost no armour, amphibious, 8 rings, camouflage 1, gelatinous body 1,
(nimble swimmer 1), tentacles
a: Renounce Religion, Wall of Briars


You were on level 7 of the Dungeon.
You worshipped Fedhas.
Fedhas was pleased with you.
You visited 2 branches of the dungeon, and saw 8 of its levels.

You collected 380 gold pieces.
You spent 306 gold pieces at shops.

Inventory:

Hand Weapons
 d - a +2 short sword of electrocution
 e - a +0 dagger of venom (weapon)
 t - a +3 vampiric trident
Missiles
 f - 87 stones (quivered)
 r - a throwing net
 y - 11 poisoned darts
 D - 5 datura-tipped darts
Magical Staves
 A - a staff of conjuration
Jewellery
 c - a +4 ring of evasion (left tentacle)
 i - a +6 ring of dexterity (on tentacle)
 l - a ring of wizardry (right tentacle)
 p - a ring of wizardry (on tentacle)
Wands
 k - a wand of flame (25)
Scrolls
 b - a scroll of identify
 j - a scroll of fog
 m - a scroll of immolation
 n - 2 scrolls of amnesia
 o - 8 scrolls of teleportation
 s - a scroll of silence
 v - 2 scrolls of blinking
 z - 2 scrolls of magic mapping
 B - a scroll of brand weapon {unknown}
Potions
 a - 2 potions of attraction
 g - 3 potions of might
 h - 4 potions of resistance
 q - 3 potions of flight
 u - 2 potions of magic {unknown}
 w - a potion of brilliance {unknown}
 x - 2 potions of haste
 C - a potion of curing {unknown}
 E - a potion of degeneration {unknown}
 F - a potion of lignification {unknown}


   Skills:
 + Level 5.7 Fighting
 + Level 5.7 Dodging
 + Level 7.4 Stealth
 * Level 7.6 Unarmed Combat
 + Level 4.1 Spellcasting
 - Level 2.0 Translocations
 + Level 4.0 Transmutations
 * Level 2.1 Invocations


You had 11 spell levels left.
You knew the following spells:

 Your Spells              Type           Power      Damage    Failure   Level
a - Spider Form           Tmut/Pois      9%         N/A       6%          3
b - Blink                 Tloc           18%        N/A       3%          2

Your spell library contained the following spells:

 Spells                   Type           Power      Damage    Failure   Level
 Foxfire                  Conj/Fire      12%        2x1d4     4%          1
 Lesser Beckoning         Tloc           9%         N/A       6%          3
 Ensorcelled Hibernation  Hex/Ice        6%         N/A       7%          2
 Conjure Flame            Conj/Fire      3%         6-21      13%         3
 Inner Flame              Hex/Fire       3%         N/A       13%         3
 Anguish                  Hex/Necr       1%         N/A       38%         4
 Flame Wave               Conj/Fire      3%         2d4       38%         4
 Manifold Assault         Tloc           9%         N/A       45%         5


Dungeon Overview and Level Annotations

Branches:
Dungeon (7/15)             Temple (1/1) D:5

Altars:
Cheibriados
Dithmenos
Elyvilon
Fedhas
Gozag
Hepliaklqana
Kikubaaqudgha
Makhleb
Nemelex Xobeh
Okawaru
Qazlal
Ru
Sif Muna
Trog
Vehumet
Wu Jian
Xom
Yredelemnul

Shops:
D:2 [

Annotations:
D:7 Harold, Joseph


Innate Abilities, Weirdness & Mutations

You cannot wear most types of armour.
You are amphibious.
You can wear up to eight rings at the same time.
Your skin changes colour to match your surroundings (Stealth+).
Your rubbery body absorbs attacks. (AC +1, EV +1)
((You are camouflaged when in or above water. (Stealth+)))
You have tentacles for arms and can constrict up to eight enemies at once.


Message History

The centaur completely misses you. The centaur barely misses you.
You hit the centaur.
The centaur looks as sick as possible!
You squeeze the centaur.
The centaur is severely wounded.
The centaur hits you. The centaur barely misses you.
You hit the centaur.
The centaur looks as sick as possible!
You squeeze the centaur.
You kill the centaur!
Fedhas appreciates your contribution to the ecosystem.
Your Invocations skill increases to level 2!
Things that are here:
a +0 shortbow; 13 arrows You see here a howler monkey skeleton.
You now have 74 gold pieces (gained 11).
There is a stone staircase leading down here.
Found a stone staircase leading down.
You open the door.
Found an ancient bone altar of Kikubaaqudgha.
q - 3 potions of flight (gained 1)
Found a pair of gloves.
A sourceless malevolence fills the Dungeon...
With a horrendous wail, an alarm goes off!
A sentinel's mark forms upon you.
You hear a shout! x2
(D) Dungeon (T) Temple
Where to? (Enter - D:7, ? - help)
There is a stone staircase leading down here.
A centaur comes into view.
Harold the Weathered comes into view.
He is wielding a +0 glaive and wearing a +2 chain mail of poison resistance.
Joseph, a Mercenary comes into view.
He is wielding a +0 quarterstaff.
Harold hits you with a +0 glaive!!
The centaur wields a +0 shortbow.
The centaur shoots an arrow.
The arrow hits you!
You closely miss Harold. You grab Harold. You constrict Harold.
Harold hits you with a +0 glaive!!
* * * LOW HITPOINT WARNING * * *
The centaur shoots an arrow.
The arrow barely misses you.
Joseph unwields a +0 quarterstaff.
Joseph wields a +0 hunting sling.
Joseph shoots a sling bullet.
The sling bullet hits you!
You die...
Fedhas appreciates your contribution to the ecosystem.

..........[..........#.......#
####...#####.#..#...##...>...#
#...# #.#..#...##.......# #...#
#.#.........####### #...#
#.#.#.#..#### #...#
#.#.#.#<.####### ##.##
#..............# ####..###
#####@###.####.#
#.......###..[#@......##.#######
.# #...c...>...................
...###...###....####.####.#######
.........# ##.#.# #.####.#
...##....# #.#.####......## .
#.##.####.#....#.......#####
......#...........#####.....#
..##.####.##.#@.#####...#####.#
.! #(# #.##.#..'....._.....'.#


You could see Harold, Joseph and a centaur.

Vanquished Creatures
  Pikel (D:4)
  Prince Ribbit (D:6)
  Eustachio (D:6)
  2 black bears
  2 sky beasts
  2 ogres
  A necrophage (D:6)
  2 centaurs (D:7)
  2 phantoms (D:4)
  A kobold brigand (D:4)
  A bullfrog (D:7)
  A gnoll sergeant (D:4)
  3 howler monkeys (D:7)
  2 centaur zombies
  5 hounds
  A bullfrog skeleton (D:6)
  A jelly (D:4)
  A gnoll shaman (D:4)
  2 iguanas
  5 orc wizards
  5 adders
  13 gnolls
  A white imp (D:5)
  An ufetubus (D:4)
  An adder skeleton (D:4)
  2 worms (D:4)
  3 dart slugs
  28 orcs
  5 ball pythons
  8 endoplasms
  9 goblins
  8 hobgoblins
  2 jackals (D:3)
  8 kobolds
  2 quokkas
  3 bats
  6 frilled lizards
  7 rats
149 creatures vanquished.

Vanquished Creatures (others)
  An endoplasm (D:3)
  3 plants (D:5)
4 creatures vanquished.

Grand Total: 153 creatures vanquished

Notes
Turn   | Place    | Note
-------+----------+-------------------------------------------
     0 | D:1      | Anon1729 the Octopode Monk began the quest for the Orb.
     0 | D:1      | Reached XP level 1. HP: 16/16 MP: 1/1
   205 | D:1      | Reached XP level 2. HP: 12/21 MP: 2/2
  1054 | D:1      | Reached XP level 3. HP: 26/26 MP: 3/3
  1623 | D:2      | Found Jymo's Armour Boutique.
  2055 | D:2      | Reached XP level 4. HP: 31/31 MP: 4/4
  2156 | D:2      | Found a faded altar of an unknown god.
  2448 | D:2      | You fall into a shaft and drop 2 floors!
  2448 | D:4      | Noticed a kobold brigand
  2457 | D:4      | Killed a kobold brigand
  2458 | D:4      | Reached skill level 1 in Spellcasting
  2458 | D:4      | Reached XP level 5. HP: 29/36 MP: 6/6
  2463 | D:4      | Learned a level 3 spell: Spider Form
  2706 | D:4      | Noticed an ogre
  2714 | D:4      | Killed an ogre
  2715 | D:4      | Reached XP level 6. HP: 43/43 MP: 8/8
  2805 | D:4      | Reached skill level 1 in Transmutations
  2909 | D:4      | Noticed Pikel
  2970 | D:4      | Killed Pikel
  2971 | D:4      | Reached skill level 5 in Stealth
  2971 | D:4      | Reached skill level 5 in Unarmed Combat
  2971 | D:4      | Reached XP level 7. HP: 28/49 MP: 8/10
  2971 | D:4      | Reached XP level 8. HP: 31/54 MP: 8/11
  4903 | D:4      | Learned a level 2 spell: Blink
  4936 | D:5      | Entered Level 5 of the Dungeon
  6548 | D:5      | Found Lenout's Magic Scroll Boutique.
  6551 | D:5      | Bought a scroll of noise for 12 gold pieces
  6551 | D:5      | Bought 3 scrolls of teleportation for 108 gold pieces
  6551 | D:5      | Bought a scroll of magic mapping for 42 gold pieces
  6551 | D:5      | Bought a scroll of identify for 24 gold pieces
  6555 | D:5      | Bought a scroll of teleportation for 36 gold pieces
  6555 | D:5      | Bought a scroll of teleportation for 36 gold pieces
  6555 | D:5      | Bought a scroll of identify for 24 gold pieces
  6555 | D:5      | Bought a scroll of identify for 24 gold pieces
  6593 | D:5      | Reached skill level 5 in Dodging
  6669 | D:5      | Reached skill level 5 in Fighting
  6926 | D:5      | Reached skill level 1 in Translocations
  7207 | D:5      | Found a hazy altar of Hepliaklqana.
  7211 | D:5      | Found a staircase to the Ecumenical Temple.
  7316 | D:5      | Found a sacrificial altar of Ru.
  7461 | D:5      | Found a snail-covered altar of Cheibriados.
  7463 | D:5      | Found a radiant altar of Vehumet.
  7498 | D:5      | Reached XP level 9. HP: 49/61 MP: 14/14
  7862 | D:6      | Noticed Prince Ribbit
  8141 | D:6      | Noticed Eustachio
  8190 | D:6      | Killed Eustachio
  8837 | D:6      | Found an ornate altar of the Wu Jian Council.
  8961 | D:6      | Killed Prince Ribbit
  9062 | Temple   | Entered the Ecumenical Temple
  9298 | Temple   | Became a worshipper of Fedhas Madash
  9298 | Temple   | Reached * piety under Fedhas
  9298 | Temple   | Reached ** piety under Fedhas
  9456 | D:7      | Reached skill level 1 in Invocations
 10035 | D:7      | Found an ancient bone altar of Kikubaaqudgha.
 10090 | D:7      | Noticed Harold
 10090 | D:7      | Noticed Joseph
 10092 | D:7      | Shot with a sling bullet by Joseph

Illustrated notes

Levels and vault maps discovered:
D:1:      saegor_arrival_simple_d, layout_basic, serial_corexii_hall,
          corexii_hall_statues_i, chequers_hall_statues_y, hangedman_decor_push,
          chequers_hall_statues_wall_a
D:2:      cheibrodos_greedy_goblins, layout_basic, serial_shops, shop,
          basic_ecumenical_altar, kennysheep_generic_room_8
D:3:      layout_loops_ring, lemuel_flame_loot_1
D:4:      layout_gridville, lightli_minifort, uniq_pikel
D:5:      layout_loops_ring, nicolae_overflow_hidden_temple, lemuel_round_altar,
          minmay_temple_entry_gardened_gates, serial_shops, kennysheep_mini,
          nrook_pool_corridor, abandoned_shop, dk_noncrumbling_3
D:6:      hellmonk_destroyed_diamonds, layout_loops_corners,
          nzn_wu_jian_council_hall, uniq_prince_ribbit1, uniq_eustachio
D:7:      minmay_cornered_nines, layout_loops_cross,
          mainiacjoe_overflow_surrounded_room, nicolae_uskayaw_dance_studio,
          serial_bayou_pond_d, uniq_joseph, uniq_harold
Temple:   hc_temple_tempest_star

Skill      XL: |  1  2  3  4  5  6  7  8  9 |
---------------+----------------------------+-----
Stealth        | 3 4 5 6 7 |  7.4
Unarmed Combat | 4 5 6 7 |  7.6
Spellcasting   | 1 2 3 4 |  4.1
Fighting       | 4 5 |  5.7
Dodging        | 4 5 |  5.7
Transmutations | 2 3 4 |  4.0
Translocations | 1 2 |  2.0
Invocations    | 2 |  2.1

Action                   |  1- 3 |  4- 6 |  7- 9 || total
-------------------------+-------+-------+-------++-------
Melee: Unarmed           |     9 |       |       ||     9
       Dagger            |    66 |    51 |   198 ||   315
       Constrict         |    19 |    11 |    63 ||    93
       Tentacles         |    14 |    15 |    82 ||   111
       Punch             |     1 |     3 |    18 ||    22
       Short sword       |       |     4 |    60 ||    64
Throw: Stone             |    15 |       |       ||    15
Evoke: Wand              |       |       |     2 ||     2
  Use: Scroll            |       |       |    10 ||    10
 Stab: Sleeping          |    11 |     6 |    12 ||    29
       Distracted        |       |       |     4 ||     4
Armor: Skin              |     5 |       |     8 ||    13
Dodge: Dodged            |    57 |    42 |   257 ||   356

Table legend: (Time is in decaauts)
 A = Elapsed time spent in this place.
 B = Non-inter-level travel time spent in this place.
 C = Inter-level travel time spent in this place.
 D = Time resting spent in this place.
 E = Time spent auto-exploring this place.
 F = Levels seen in this place.
 G = Mean time per level.
                   A        B        C        D        E       F      G
               +--------+--------+--------+--------+--------+-----+--------+
         Total |  10096 |   9334 |    762 |   2187 |   5540 |   8 | 1262.0 |
       Dungeon |   9832 |   9112 |    720 |   2187 |   5337 |   7 | 1404.6 |
        Temple |    263 |    221 |     42 |      0 |    203 |   1 |  263.0 |
               +--------+--------+--------+--------+--------+-----+--------+

Top non-repeatable levels by time:
     D:4: 2579 daAuts
     D:5: 1649 daAuts
     D:1: 1468 daAuts
     D:6: 1247 daAuts
     D:2: 1199 daAuts
     D:3: 993 daAuts
     D:7: 695 daAuts
  Temple: 263 daAuts
